 Dungeon Crawl Stone Soup version 0.30-a0-728-gc68057be0a (webtiles) character file.

Game seed: 13584013007317073569

124914 jimonade the Covert (level 16, -7/82 HPs)
             Began as a Vine Stalker Gladiator on Jan 31, 2023.
             Was a Follower of Uskayaw.
             Mangled by Arachne
             ... wielding a staff of poison
              (9 damage)
             ... on level 2 of the Spider Nest.
             The game lasted 01:58:52 (24420 turns).

jimonade the Covert (Vine Stalker Gladiator)       Turns: 24420, Time: 01:58:53

Health: -7/82      AC: 23    Str: 22 (23) XL:     16   Next: 94%
Magic:  0/31       EV: 16    Int:  7 (8)  God:    Uskayaw [*.....]
Gold:   1715       SH: 17    Dex: 22 (23) Spells: 33/36 levels left

rFire   . . .      SeeInvis .    a - +5 quick blade (holy)
rCold   . . .      Faith    .    o - +0 kite shield
rNeg    . . .      Spirit   +    j - +0 swamp dragon scales
rPois   +          Reflect  +    l - +2 helmet
rElec   .          Harm     .    T - +2 cloak
rCorr   .          Rampage  .    k - +1 pair of gloves
Will    ++...                    n - +0 pair of boots
Stlth   +++++++++                s - amulet "Okirist" {Reflect Str+5 SH+5}
HPRegen 1.13/turn                G - +4 ring of protection
MPRegen 0.22/turn                C - ring of Shadows {Umbra +Inv Stlth+}

@: mighty, lethally poisoned (-7 -> -8), about to teleport, wreathed by umbra
A: fangs 3, regeneration 1, magic shield, antimagic bite, no potion heal 2
a: Renounce Religion, Evoke Invisibility, Stomp


You were on level 2 of the Spider Nest.
You worshipped Uskayaw.
Uskayaw was aware of your devotion.
You visited 4 branches of the dungeon, and saw 24 of its levels.
You also visited: Bailey.

You collected 2293 gold pieces.
You spent 578 gold pieces at shops.

Inventory:

Hand Weapons
 a - a +5 quick blade of holy wrath (weapon)
 b - a +2 dagger of venom
 c - a +1 dagger of electrocution
 F - a +2 dagger of draining
 L - the +2 short sword "Sim Opukeinn" {protect, rN+ rCorr Dex-4}
   (You took it off a centaur on level 8 of the Dungeon)

   Dex:       It affects your dexterity (-4).
   rN:        It protects you from negative energy.
   rCorr:     It protects you from acid and corrosion.
 U - a +0 dagger of freezing
Missiles
 d - 3 throwing nets
 f - 54 poisoned darts (quivered)
 A - a curare-tipped dart
Armour
 j - +0 swamp dragon scales (worn)
 k - a +1 pair of gloves (worn)
 l - a +2 helmet (worn)
 n - a +0 pair of boots (worn)
 o - a +0 kite shield (worn)
 D - a +0 troll leather armour
 Q - a +2 ring mail of fire resistance
 T - a +2 cloak (worn)
 X - +2 ice dragon scales
Jewellery
 e - a ring of flight
 q - a ring of positive energy
 s - the amulet "Okirist" (around neck) {Reflect Str+5 SH+5}
   (You acquired it in a bailey)

   [amulet of reflection]

   It reflects blocked missile attacks.
   Str:       It affects your strength (+5).
   SH:        It affects your SH (+5).
 t - a ring of poison resistance
 C - the ring of Shadows (right hand) {Umbra +Inv Stlth+}
   (You bought it in a shop on level 12 of the Dungeon)

   [ring of stealth]

   Umbra:     It surrounds you with an aura of shadow, increasing your stealth
   and reducing the accuracy of all others within it.
   +Inv:      It lets you turn invisible.
   Stlth:     It makes you more stealthy.
 G - a +4 ring of protection (left hand)
 K - a ring of willpower
Wands
 h - a wand of charming (10)
 E - a wand of iceblast (27)
 I - a wand of digging (13)
 W - a wand of polymorph (1)
Scrolls
 g - 4 scrolls of enchant armour
 i - 6 scrolls of poison
 u - 7 scrolls of amnesia
 y - 4 scrolls of blinking
 z - 14 scrolls of identify
 J - 14 scrolls of teleportation
 M - 2 scrolls of magic mapping
 N - 2 scrolls of enchant weapon
 P - 3 scrolls of fog
 S - 6 scrolls of fear
 Y - 2 scrolls of silence
Potions
 m - 5 potions of haste
 p - 2 potions of resistance
 r - 5 potions of might
 v - a potion of magic
 w - 4 potions of brilliance
 x - 9 potions of curing
 B - 3 potions of invisibility
 H - 4 potions of flight
 R - 4 potions of berserk rage
 Z - a potion of cancellation
Miscellaneous
 O - a piece from Xom's chessboard (15/15)
 V - a phial of floods


   Skills:
 + Level 8.4 Fighting
 - Level 10.5(10.6) Short Blades
 + Level 1.3(6.8) Long Blades
 - Level 1.7 Throwing
 + Level 6.6 Armour
 - Level 8.8 Dodging
 - Level 13.7 Stealth
 - Level 8.3 Shields
 - Level 10.5 Spellcasting
 - Level 8.0 Transmutations
 - Level 4.3 Ice Magic
 - Level 6.2 Poison Magic
 + Level 11.1 Invocations
 * Level 4.3 Evocations


You had 33 spell levels left.
You knew the following spells:

 Your Spells              Type           Power      Damage    Failure   Level
a - Beastly Appendage     Tmut           28%        N/A       2%          1
b - Wereblood             Tmut           14%        N/A       3%          2

Your spell library contained the following spells:

 Spells                   Type           Power      Damage    Failure   Level
 Freeze                   Ice            36%        1d5       10%         1
 Spider Form              Tmut/Pois      13%        N/A       10%         3
 Passwall                 Tmut/Erth      7%         N/A       17%         2
 Frozen Ramparts          Ice            18%        1d3       28%         3
 Apportation              Tloc           6%         N/A       52%         1
 Kiss of Death            Conj/Necr      12%        2d6       52%         1
 Necrotise                Necr           12%        1d4       52%         1
 Sandblast                Erth           6%         2d5       52%         1
 Slow                     Hex            12%        N/A       52%         1
 Summon Small Mammal      Summ           12%        N/A       52%         1
 Blade Hands              Tmut           7%         N/A       52%         5
 Hailstorm                Conj/Ice       6%         3d4       58%         3
 Blink                    Tloc           6%         N/A       65%         2
 Call Imp                 Summ           3%         N/A       65%         2
 Lesser Beckoning         Tloc           6%         N/A       65%         2
 Momentum Strike          Conj/Tloc      6%         3d8       65%         2
 Sublimation of Blood     Necr           3%         N/A       65%         2
 Alistair's Intoxication  Tmut/Pois      8%         N/A       65%         5
 Confusing Touch          Hex            3%         N/A       87%         3
 Inner Flame              Hex/Fire       3%         N/A       87%         3
 Stone Arrow              Conj/Erth      6%         3d7       87%         3
 Tukima's Dance           Hex            3%         N/A       87%         3
 Vampiric Draining        Necr           3%         2d6       87%         3
 Irradiate                Conj/Tmut      4%         3d13      97%         5
 Yara's Violent Unravell  Hex/Tmut       4%         3d4       97%         5
 Airstrike                Air            1%         2d(1-17)  99%         4
 Dispel Undead            Necr           3%         3d7       99%         4
 Passage of Golubria      Tloc           3%         N/A       99%         4
 Summon Lightning Spire   Summ/Air       3%         N/A       99%         4
 Fireball                 Conj/Fire      1%         3d3       100%        5
 Iskenderun's Battlesphe  Conj           3%         2d6       100%        5
 Lightning Bolt           Conj/Air       1%         1d12      100%        5
 Conjure Ball Lightning   Conj/Air       1%         3x3d6     100%        6
 Dragon Form              Tmut           7%         N/A       100%        7
 Haunt                    Necr/Summ      1%         N/A       100%        7
 Malign Gateway           Summ/Tloc      1%         N/A       100%        7
 Orb of Destruction       Conj           1%         9d5       100%        7
 Summon Hydra             Summ           1%         N/A       100%        7


Dungeon Overview and Level Annotations

Branches:
Dungeon (15/15)            Temple (1/1) D:5            Lair (5/5) D:8
 Shoals (0/4) Lair:3       Spider (3/4) Lair:2        Slime (0/5) Lair:5
    Orc (0/2) D:11         Vaults (0/5) D:13         Depths (0/4) D:15
 Bailey (visited)

Altars:
Ashenzari
Cheibriados
Dithmenos
Elyvilon
Fedhas
Gozag
Hepliaklqana
Kikubaaqudgha
Makhleb
Nemelex Xobeh
Okawaru
Qazlal
Ru
Sif Muna
Trog
Uskayaw
Vehumet
Wu Jian
Xom
Yredelemnul
Zin
The Shining One
Jiyva

Shops:
D:12 *=?=*

Portals:
Abyss: Lair:5

Annotations:
Lair:3 1 runed translucent door, Iich's ghost, journeyman MiFi
Lair:4 3 runed translucent doors, exclusion: downstairs, jimonade's ghost, journeyman VSBr
Lair:5 2 transporters, Beavis's ghost, journeyman DsFE
Spider:2 Arachne


Innate Abilities, Weirdness & Mutations

You have razor-sharp teeth.
Your natural rate of healing is unusually fast.
When hurt, damage is shared between your health and your magic reserves.
Your bite disrupts and absorbs the magic of your enemies.
Potions cannot restore your health.


Message History

Deactivating autopickup; reactivate with Ctrl-A.
You puncture something! Your bite misses something.
You feel sick. Something hits you! Something envenoms you!
Your system rejects the healing.
You feel better.
A stream of webbing shoots out from thin air.
A stream of webbing appears from out of thin air!
The stream of webbing reflects off an invisible shield around you!
The stream of webbing hits something but does no damage.
You feel very mighty all of a sudden. Something hits you!!
Something envenoms you.
* * * LOW HITPOINT WARNING * * *
You hear some strange, mumbled words.
A bolt of poison appears from out of thin air!
The bolt of poison hits you!
You are poisoned.
You resist.
* * * LOW HITPOINT WARNING * * *
As you read the scroll of teleportation, it crumbles to dust.
You feel strangely unstable.
* * * LOW HITPOINT WARNING * * *
You feel very sick.
A stream of webbing shoots out from thin air.
A stream of webbing appears from out of thin air!
The stream of webbing hits you but does no damage.
You are caught in a web!
Your system rejects the healing.
You feel better. Something hits you.
* * * LOW HITPOINT WARNING * * *
Something envenoms you.
* * * LOW HITPOINT WARNING * * *
You hear some strange, mumbled words.
A poison arrow appears from out of thin air!
The poison arrow hits you.
You are poisoned.
You partially resist.
* * * LOW HITPOINT WARNING * * *
The web tears apart.
* * * LOW HITPOINT WARNING * * *
You feel very sick. Something hits you!
You die...

####..####.^...##
###...### ####..#
##..#### #..#
.#### #..# ##
#..## #...##
#....## #.....#
#@...## #{...#
#....# ##...##
###..# ##.# ##.#
##.## ###..#


There were no monsters in sight!

Vanquished Creatures
  Jorgrun (D:13)
  Agnes (Spider:1)
  A fire giant (D:15)
  4 emperor scorpions
  A ghost moth (Spider:2)
  Azrael (Spider:2)
  A dire elephant (Lair:5)
  An entropy weaver (Spider:1)
  A fire dragon (Lair:5)
  6 hydras
  3 vault guards (D:13)
  An ogre mage (D:9)
  10 boulder beetles
  A catoblepas (D:14)
  3 centaur warriors
  5 two-headed ogres
  A radroach (Spider:1)
  Erica (Lair:2)
  A tengu warrior (D:7)
  21 death yaks
  An orc high priest (Bailey)
  A fire crab (D:15)
  3 pharaoh ants
  2 skeletal warriors (D:12)
  2 swamp dragons (Lair:5)
  2 orb spiders
  An orc sorcerer (Bailey)
  5 manticores
  4 deep elf pyromancers
  3 wolf spiders
  10 ugly things
  An oklob plant (Lair:5)
  A will-o-the-wisp (Lair:5)
  9 cyclopes
  19 elephants
  4 black mambas
  3 demonic crawlers
  A water nymph (Lair:3)
  4 gargoyles
  A torpor snail (Spider:1)
  6 cane toads
  3 kobold demonologists
  A cane toad (shapeshifter) (D:13)
  2 unseen horrors
  7 komodo dragons
  A tengu conjurer (D:15)
  7 rime drakes
  3 trolls
  A meliai (D:12)
  11 polar bears
  4 tarantellas
  5 blink frogs (Lair:3)
  12 dream sheep
  2 centaur simulacra
  12 culicivoras
  5 shadows
  12 jumping spiders
  Sigmund (D:2)
  8 slime creatures
  4 wraiths
  5 wyverns
  A vampire (D:12)
  7 basilisks
  27 yaks
  A fire elemental (Spider:2)
  7 humans (D:13)
  8 steam dragons
  14 vampire mosquitoes
  9 redbacks
  4 wargs (Lair:5)
  4 acid dragons
  18 water moccasins
  23 hell hounds
  4 swamp drakes
  A meliai simulacrum (D:11)
  14 black bears
  15 orc warriors
  5 ice beasts
  4 ogres
  3 phantoms (D:7)
  18 wolves
  9 centaurs
  A kobold brigand (D:4)
  3 bullfrogs
  5 scorpions
  3 gnoll sergeants
  14 wights
  12 killer bees
  3 howler monkeys
  A human zombie (D:4)
  15 orc priests
  6 hounds
  A jelly (D:7)
  Crazy Yiuf (D:2)
  2 gnoll boudas
  2 hell rats
  A human skeleton (D:4)
  5 iguanas
  20 orc wizards
  Robin (D:4)
  10 adders
  18 gnolls
  2 white imps
  An ufetubus (D:11)
  3 dart slugs
  3 worms
  42 orcs
  5 bats
  8 endoplasms
  A giant cockroach (D:3)
  22 goblins
  12 hobgoblins
  4 jackals (D:2)
  26 kobolds
  3 quokkas
  2 ball pythons
  4 rats
712 creatures vanquished.

Vanquished Creatures (others)
  A pharaoh ant (Spider:2)
  A komodo dragon (Lair:5)
  A wyvern (D:14)
  2 humans (D:13)
  A steam dragon (Lair:5)
  A sky beast (D:7)
  An orc priest (D:7)
  An iguana (Lair:5)
  An orc wizard (D:8)
  A gnoll (D:9)
  A goblin (Bailey)
  A hobgoblin (Bailey)
  2 bushes (Lair:3)
  39 fungi
  115 plants
169 creatures vanquished.

Grand Total: 881 creatures vanquished

Notes
Turn   | Place    | Note
-------+----------+-------------------------------------------
     0 | D:1      | jimonade the Vine Stalker Gladiator began the quest for the
                  | Orb.
     0 | D:1      | Reached XP level 1. HP: 11/11 MP: 2/2
   228 | D:1      | Reached XP level 2. HP: 15/15 MP: 3/3
   689 | D:1      | Reached XP level 3. HP: 15/18 MP: 4/4
  1700 | D:2      | Found a runed translucent door.
  1701 | D:2      | Noticed Crazy Yiuf
  1836 | D:2      | Noticed Sigmund
  1850 | D:2      | Killed Sigmund
  1851 | D:2      | Reached skill level 1 in Armour
  1851 | D:2      | Reached skill level 1 in Stealth
  1851 | D:2      | Gained mutation: Your natural rate of healing is unusually
                  | fast. [Vine Stalker growth]
  1851 | D:2      | Reached XP level 4. HP: 4/23 MP: 5/5
  1851 | D:2      | Reached XP level 5. HP: 5/26 MP: 6/6
  2151 | D:3      | Found a stormy altar of Qazlal.
  2175 | D:3      | Reached skill level 5 in Short Blades
  2175 | D:3      | Reached XP level 6. HP: 30/30 MP: 7/7
  2440 | D:3      | Found a faded altar of an unknown god.
  2792 | D:4      | Found a runed translucent door.
  2792 | D:4      | Noticed a human
  2880 | D:4      | Found a basalt altar of Yredelemnul.
  3011 | D:4      | Reached XP level 7. HP: 35/35 MP: 8/8
  3501 | D:4      | Noticed Robin
  3578 | D:4      | Killed Robin
  3777 | D:5      | Entered Level 5 of the Dungeon
  3845 | D:5      | Gained mutation: You have razor-sharp teeth. [Vine Stalker
                  | growth]
  3845 | D:5      | Reached XP level 8. HP: 35/39 MP: 7/9
  3878 | D:5      | Found a staircase to the Ecumenical Temple.
  3897 | D:5      | HP: 1/39 [ogre/+0 giant club (23)]
  4037 | Temple   | Entered the Ecumenical Temple
  4203 | Temple   | Became a worshipper of Uskayaw the Reveller
  4378 | D:5      | Reached * piety under Uskayaw
  4421 | D:5      | Reached ** piety under Uskayaw
  4483 | D:5      | Found a bloodstained altar of Trog.
  4626 | D:6      | Reached skill level 1 in Invocations
  5028 | D:6      | Found a blossoming altar of Fedhas.
  5044 | D:6      | Reached *** piety under Uskayaw
  5047 | D:6      | Reached **** piety under Uskayaw
  5357 | D:7      | Reached XP level 9. HP: 44/44 MP: 11/11
  5364 | D:7      | Reached ***** piety under Uskayaw
  5367 | D:7      | Reached skill level 2 in Stealth
  5379 | D:7      | Reached ****** piety under Uskayaw
  5432 | D:7      | Got the Elucidation of the Escort and Conflagration
  5496 | D:7      | Found a shadowy altar of Dithmenos.
  5567 | D:7      | Found a burning altar of Makhleb.
  5583 | D:7      | Found a shimmering altar of Xom.
  5754 | D:7      | Found a glowing golden altar of the Shining One.
  5756 | D:7      | Found an ancient bone altar of Kikubaaqudgha.
  5760 | D:7      | Found a hazy altar of Hepliaklqana.
  5760 | D:7      | Found a glowing silver altar of Zin.
  5760 | D:7      | Found a sacrificial altar of Ru.
  5764 | D:7      | Found a flagged portal.
  5781 | Bailey   | Entered a bailey
  5854 | Bailey   | Reached skill level 3 in Stealth
  5904 | Bailey   | Reached skill level 1 in Shields
  5983 | Bailey   | Acquired the amulet "Okirist" {Reflect Str+5 SH+5}
  6002 | Bailey   | Found the +4 robe of Folly {Brill Will-∞ Int+8}
  6089 | Bailey   | Found an iron altar of Okawaru.
  6089 | Bailey   | Noticed an orc sorcerer
  6127 | Bailey   | Paralysed by an orc sorcerer for 3 turns
  6129 | Bailey   | Killed an orc sorcerer
  6130 | Bailey   | Reached skill level 5 in Dodging
  6130 | Bailey   | Reached XP level 10. HP: 44/51 MP: 11/14
  6161 | Bailey   | Noticed an orc high priest
  6179 | Bailey   | Killed an orc high priest
  6180 | Bailey   | Reached skill level 4 in Stealth
  6629 | D:8      | Identified the +2 short sword "Sim Opukeinn" {protect, rN+
                  | rCorr Dex-4}
  6637 | D:8      | Reached skill level 5 in Fighting
  6833 | D:8      | Reached skill level 5 in Stealth
  6863 | D:8      | Found a shimmering blue altar of Sif Muna.
  6970 | D:8      | Found a staircase to the Lair.
  7001 | D:8      | Noticed a two-headed ogre
  7022 | D:7      | Killed a two-headed ogre
  7023 | D:7      | Reached skill level 10 in Short Blades
  7023 | D:7      | Reached skill level 5 in Invocations
  7157 | D:7      | Noticed a kobold demonologist
  7157 | D:7      | Noticed a tengu warrior
  7174 | D:7      | Reached skill level 6 in Stealth
  7283 | D:8      | Reached XP level 11. HP: 54/56 MP: 14/16
  7724 | D:9      | Found an opulent altar of Gozag.
  7924 | D:9      | Noticed an ogre mage
  7945 | D:9      | Killed an ogre mage
  8025 | D:10     | Entered Level 10 of the Dungeon
  8045 | D:10     | Reached skill level 1 in Spellcasting
  8045 | D:10     | Reached skill level 1 in Transmutations
  8270 | Lair:1   | Entered Level 1 of the Lair of Beasts
  8298 | Lair:1   | Learned a level 1 spell: Beastly Appendage
  8603 | Lair:1   | Reached skill level 7 in Stealth
  9124 | Lair:1   | Reached skill level 5 in Spellcasting
  9124 | Lair:1   | Reached skill level 5 in Transmutations
  9124 | Lair:1   | Reached XP level 12. HP: 60/60 MP: 16/20
  9359 | Lair:2   | Found a hole to the Spider Nest.
  9619 | Lair:2   | Noticed Erica
  9708 | Lair:2   | Killed Erica
  9709 | Lair:2   | Reached skill level 8 in Stealth
  9874 | Lair:3   | Reached XP level 13. HP: 65/65 MP: 22/22
  9936 | Lair:3   | Reached skill level 5 in Shields
 10045 | Lair:3   | Found a staircase to the Shoals.
 10128 | Lair:3   | Reached skill level 9 in Stealth
 10629 | Lair:3   | Found a runed translucent door.
 10630 | Lair:3   | Found a shimmering altar of Xom.
 10630 | Lair:3   | Noticed Iich's ghost (journeyman MiFi)
 11121 | Lair:4   | Found a runed translucent gate.
 11121 | Lair:4   | Found a runed translucent gate.
 11121 | Lair:4   | Found a runed translucent gate.
 11126 | Lair:4   | Noticed jimonade's ghost (journeyman VSBr)
 11139 | Lair:4   | Reached skill level 10 in Stealth
 11365 | Lair:4   | Learned a level 2 spell: Wereblood
 11501 | Lair:4   | Reached XP level 14. HP: 70/70 MP: 26/26
 11510 | Lair:4   | Reached skill level 1 in Long Blades
 11510 | Lair:4   | Reached skill level 1 in Poison Magic
 11923 | Lair:5   | Entered Level 5 of the Lair of Beasts
 12140 | Lair:5   | Noticed a dire elephant
 12158 | Lair:5   | Killed a dire elephant
 12181 | Lair:5   | Reached skill level 11 in Stealth
 12210 | Lair:5   | Reached skill level 10 in Invocations
 12454 | Lair:5   | Found a transporter.
 12491 | Lair:5   | Found a one-way gate to the infinite horrors of the Abyss.
 12497 | Lair:5   | Noticed Beavis's ghost (journeyman DsFE)
 12700 | Lair:5   | Found a staircase to the Slime Pits.
 12700 | Lair:5   | Found a viscous altar of Jiyva.
 12766 | Lair:5   | Found a transporter.
 13403 | Lair:5   | Reached XP level 15. HP: 64/74 MP: 29/29
 13941 | Lair:5   | Reached skill level 12 in Stealth
 14270 | D:2      | Killed Crazy Yiuf
 15950 | D:11     | Reached skill level 5 in Poison Magic
 16064 | D:11     | Reached skill level 1 in Ice Magic
 16332 | D:11     | Found a staircase to the Orcish Mines.
 17601 | D:12     | Found Macsol's Jewellery Boutique.
 17741 | D:12     | Found Goubb's Assorted Antiques.
 17889 | D:12     | Found Qurin's Jewellery Shoppe.
 17926 | D:12     | Found Posuh's General Store.
 17929 | D:12     | Bought a +0 kite shield for 58 gold pieces
 18328 | D:12     | Reached skill level 13 in Stealth
 18421 | D:12     | Found Noclire's Magic Scroll Shoppe.
 18764 | D:12     | Bought the ring of Shadows {Umbra +Inv Stlth+} for 520 gold
                  | pieces
 18764 | D:12     | Found the ring of Shadows {Umbra +Inv Stlth+}
 19213 | D:13     | Noticed Jorgrun
 19246 | D:13     | Killed Jorgrun
 19247 | D:13     | Reached skill level 10 in Spellcasting
 19558 | D:13     | Reached XP level 16. HP: 70/80 MP: 27/31
 19650 | D:13     | Found a gate to the Vaults.
 19770 | D:13     | Reached skill level 5 in Armour
 20801 | D:15     | Entered Level 15 of the Dungeon
 20833 | D:15     | Found a staircase to the Depths.
 21623 | D:15     | Reached skill level 1 in Evocations
 21809 | Spider:1 | Entered Level 1 of the Spider Nest
 22385 | Spider:1 | Noticed Agnes
 22396 | Spider:1 | Killed Agnes
 23404 | Spider:2 | Acquired a +5 quick blade of holy wrath
 24062 | Spider:2 | Noticed Azrael
 24077 | Spider:2 | Killed Azrael
 24402 | Spider:3 | Noticed Arachne
 24419 | Spider:2 | HP: 4/82 [something/poison arrow (3)]
 24420 | Spider:2 | Mangled by Arachne

Illustrated notes

Levels and vault maps discovered:
D:1:      erik_arrival_triangle_small, layout_basic
D:2:      layout_loops_ring, uniq_crazy_yiuf_cottage, uniq_sigmund
D:3:      layout_loops_ring, mainiacjoe_overflow_chevrons,
          hellmonk_ecumenical_altar_inner_sanctum,
          hangedman_decor_clover_reticule, kennysheep_donut
D:4:      kennysheep_kobold_camp, layout_rooms, dk_yredelemnul_ordeal,
          uniq_robin
D:5:      layout_rooms, kennysheep_mini, minmay_temple_entry_junction_2
D:6:      layout_loops_ring, mainiacjoe_overflow_concentric_impassable
D:7:      minmay_klotski, layout_rooms, old_standard_altar, dk_xom_monty_hall,
          grunt_temple_overflow_open, bloody_makhleb, enter_bailey_5
D:8:      layout_rooms, mainiacjoe_overflow_catwalk,
          grunt_lair_entry_orc_guard_hut
D:9:      layout_basic, mainiacjoe_overflow_six_doors_small,
          grunt_decor_resistance, minmay_librarian
D:10:     layout_stronghold, st_stairs_9, kennysheep_generic_room_10
D:11:     layout_stronghold, erik_orc_1, serial_ice, serial_ice_f, serial_ice_o,
          serial_ice_d, serial_ice_n
D:12:     minmay_spiral_squares, layout_irregular_city, serial_shops,
          nicolae_square_shop, nicolae_lakefront_shop, kennysheep_mini_moat,
          nicolae_shop_stone, nicolae_shop_waterfront
D:13:     layout_loops_cross, ximxim_vaults_locker_room, uniq_jorgrun
D:14:     layout_gridville, special_room [special_room_mythical_zoo]
D:15:     grunt_enter_depths_giant_problem, layout_rooms
Temple:   nicolae_temple_godpark
Lair:1:   layout_loops_ring
Lair:2:   layout_hall_layers, spider_nest_entry_a, serial_bayou_pond_a,
          uniq_erica
Lair:3:   layout_concentric_octagons, nicolae_shoals_entry_flooding,
          ebering_ghost_xom, nicolae_lair_grazing_beasts
          [nicolae_sub_lair_graze_edge, nicolae_sub_lair_graze_edge,
          nicolae_sub_lair_graze_edge, nicolae_sub_lair_graze_edge]
Lair:4:   layout_loops_ring, gammafunk_ghost_split, dreamdust_mushroom_princess
Lair:5:   hangedman_lair_caniforms_friends, layout_small_grid,
          guppyfry_lair_end_dragon, slime_entry_1,
          gammafunk_ghost_abyssal_escape, pond, serial_bayou_shore_b
Spider:1: layout_spider_delve, uniq_agnes
Spider:2: layout_cave_pods, uniq_azrael
Spider:3: layout_spider_delve, uniq_arachne, uniq_mlioglotl

Skill      XL: |  1  2  3  4  5  6  7  8  9 10 11 12 13 14 15 16 |
---------------+-------------------------------------------------+-----
Short Blades   | 3 4 5 7 8 9 10 | 10.5
Fighting       | 2 3 4 5 6 7 8 |  8.4
Armour         | 1 2 3 4 6 |  6.6
Dodging        | 3 4 5 6 7 8 |  8.8
Stealth        | 1 3 6 7 8 10 11 13 | 13.7
Invocations    | 2 4 5 7 8 9 10 11 | 11.1
Shields        | 1 3 4 5 6 7 8 |  8.3
Spellcasting   | 5 7 9 10 | 10.5
Transmutations | 5 6 7 8 |  8.0
Long Blades    | 1 |  1.3
Poison Magic   | 4 6 |  6.2
Ice Magic      | 3 4 |  4.3
Evocations     | 4 |  4.3
Throwing       | |  1.7

Action                     |  1- 3 |  4- 6 |  7- 9 | 10-12 | 13-15 | 16-18 || total
---------------------------+-------+-------+-------+-------+-------+-------++-------
  Melee: Rapier            |    91 |    97 |    50 |       |       |       ||   238
         Bite              |    23 |    23 |   135 |   179 |   725 |   312 ||  1397
         Punch             |     2 |     3 |     3 |       |       |       ||     8
         Dagger            |       |       |   354 |   456 |  1511 |   499 ||  2820
         Short sword       |       |       |       |     1 |       |       ||     1
         Kick              |       |       |       |     6 |   185 |       ||   191
         Headbutt          |       |       |       |     5 |    91 |       ||    96
         Scimitar          |       |       |       |       |    10 |       ||    10
         Quick blade       |       |       |       |       |       |   139 ||   139
   Fire: Sling             |       |       |    19 |       |       |       ||    19
  Throw: Dart              |       |       |     2 |       |    14 |     5 ||    21
         Throwing net      |       |       |     1 |       |       |       ||     1
   Cast: Beastly Appendage |       |       |       |     2 |    36 |       ||    38
         Wereblood         |       |       |       |       |     6 |       ||     6
 Invoke: Line Pass         |       |       |     1 |     2 |     2 |       ||     5
         Stomp             |       |       |       |       |     4 |       ||     4
  Evoke: Phial of floods   |       |       |       |     1 |       |       ||     1
    Use: Scroll            |     3 |     7 |    11 |     6 |       |     6 ||    33
         Potion            |       |       |       |     1 |       |     3 ||     4
   Stab: Sleeping          |     2 |     3 |     1 |     9 |    29 |    12 ||    56
         Paralysed         |       |       |     6 |    15 |    74 |    31 ||   126
         Confused          |       |       |     1 |     1 |     2 |       ||     4
         Distracted        |       |       |       |       |     1 |     1 ||     2
         Petrifying        |       |       |       |       |       |     1 ||     1
         Petrified         |       |       |       |       |       |     1 ||     1
 Armour: Leather armour    |    21 |     6 |       |       |       |       ||    27
         Ring mail         |       |    30 |    59 |       |   217 |       ||   306
         Steam dragon scal |       |       |    43 |   102 |    51 |       ||   196
         Swamp dragon scal |       |       |       |       |    58 |   177 ||   235
  Dodge: Dodged            |    48 |    31 |   189 |   169 |   490 |   228 ||  1155
  Block: Buckler           |       |       |    30 |   188 |   435 |       ||   653
         Reflection        |       |       |       |     4 |     8 |    12 ||    24
         Kite shield       |       |       |       |       |    99 |   405 ||   504

Table legend: (Time is in decaauts)
 A = Elapsed time spent in this place.
 B = Non-inter-level travel time spent in this place.
 C = Inter-level travel time spent in this place.
 D = Time resting spent in this place.
 E = Time spent auto-exploring this place.
 F = Levels seen in this place.
 G = Mean time per level.
                   A        B        C        D        E       F      G
               +--------+--------+--------+--------+--------+-----+--------+
         Total |  23155 |  20630 |   2525 |    765 |  13667 |  25 |  926.2 |
       Dungeon |  14682 |  12884 |   1798 |    374 |   8920 |  15 |  978.8 |
        Temple |    188 |    157 |     31 |      0 |    145 |   1 |  188.0 |
          Lair |   5794 |   5158 |    636 |    143 |   3278 |   5 | 1158.8 |
   Spider Nest |   1984 |   1926 |     58 |    228 |   1203 |   3 |  661.3 |
        Bailey |    505 |    505 |      0 |     20 |    119 |   1 |  505.0 |
               +--------+--------+--------+--------+--------+-----+--------+

Top non-repeatable levels by time:
  Lair:5: 1814 daAuts
    D:12: 1709 daAuts
     D:1: 1241 daAuts
    D:11: 1194 daAuts
  Lair:3: 1190 daAuts
     D:4: 1189 daAuts
     D:7: 1139 daAuts
    D:14: 1101 daAuts
    D:10: 1075 daAuts
Spider:2: 1025 daAuts
  Lair:1: 994 daAuts
     D:2: 977 daAuts
    D:13: 935 daAuts
Spider:1: 933 daAuts
  Lair:2: 929 daAuts
